 Dungeon Crawl Stone Soup version 0.27-a0-1565-gad902ab807 (webtiles) character file.

Game seed: 5194907449089266717

39 flotson the Sneak (level 3, 0/28 (29) HPs)
             Began as a Demonspawn Delver on July 17, 2021.
             Slain by an orc (1 damage)
             ... on level 3 of the Dungeon.
             The game lasted 00:01:13 (430 turns).

flotson the Sneak (Demonspawn Delver)                Turns: 430, Time: 00:01:14

HP:   0/28 (29)     AC:  5    Str: 13    XL:     3   Next: 26%
MP:   3/3           EV: 12    Int: 11    God:
Gold: 18            SH:  0    Dex: 14    Spells: 2/2 levels left

rFire    . . .     SeeInvis .   a - +0 hand axe
rCold    . . .     Faith    .   (no shield)
rNeg     . . .     Spirit   .   b - +0 leather armour
rPois    .         Reflect  .   d - +0 helmet
rElec    .         Harm     .   (no cloak)
rCorr    .         Rampage  .   (no gloves)
Will     .....                  (no boots)
Stlth    +++.......             (no amulet)
HPRegen  0.09/turn              (no ring)
MPRegen  0.08/turn              (no ring)

@: lightly drained
A: hooves 1, rugged brown scales 1
a: no special abilities


You were on level 3 of the Dungeon.
You visited 1 branch of the dungeon, and saw 3 of its levels.

You collected 18 gold pieces.

Inventory:

Hand Weapons
 a - a +0 hand axe (weapon)
Armour
 b - a +0 leather armour (worn)
 d - a +0 helmet (worn)
Wands
 g - a wand of digging (3)
Scrolls
 c - a scroll of fog
 e - a scroll of fear


   Skills:
 + Level 3.2 Fighting
 + Level 2.1 Axes
 + Level 0.9 Armour
 + Level 2.1 Dodging
 + Level 4.7 Stealth
 + Level 0.9 Evocations


You had 2 spell levels left.
You didn't know any spells.
Your spell library was empty.

Dungeon Overview and Level Annotations

Branches:
Dungeon (5/15)
 Temple: D:4-7

Altars:

Annotations:
D:5 Grinder


Innate Abilities, Weirdness & Mutations

You have large cloven feet.
You are partially covered in rugged brown scales. (AC +1, +3% HP)


Message History

You kill the orc!
You hit the orc. Your kick misses the orc.
The orc is heavily wounded.
The orc hits you with a +0 mace.
* * * LOW HITPOINT WARNING * * *
You hit the orc.
The orc is severely wounded.
The orc hits you with a +0 mace.
* * * LOW HITPOINT WARNING * * *
The orc barely misses you.
You barely miss the orc.
The orc is severely wounded.
The orc barely misses you.
You hit the orc but do no damage. Your kick misses the orc.
The orc is severely wounded.
The orc closely misses you.
You hit the orc.
You kill the orc!
You barely miss the orc. The orc barely misses you. x2
You closely miss the orc. Your kick misses the orc.
The orc hits you with a +0 hand axe.
* * * LOW HITPOINT WARNING * * *
You closely miss the orc. You kick the orc.
The orc is moderately wounded.
The orc closely misses you.
You hit the orc but do no damage.
The orc is moderately wounded.
The orc closely misses you.
You hit the orc but do no damage. You kick the orc.
The orc is heavily wounded.
The orc barely misses you.
You closely miss the orc.
The orc is heavily wounded.
The orc barely misses you.
You barely miss the orc. You kick the orc.
You kill the orc!
You barely miss the orc. The orc hits you with a +0 hand axe.
* * * LOW HITPOINT WARNING * * *
The orc hits you with a +0 hand axe.
You die...

#.......(..# #..........
#.......... #..........
##.?......## #.......K..
#..........# #..........
#..........# #..>.......
#..........# #..........
#..........# #..........
#..........####.#########
..........oo@...#
###......########
########


You could see 2 orcs.

Vanquished Creatures
  A centaur skeleton (D:5)
  A dart slug (D:3)
  3 orcs (D:3)
  An endoplasm (D:4)
6 creatures vanquished.

Notes
Turn   | Place    | Note
-------+----------+-------------------------------------------
     0 | D:5      | flotson the Demonspawn Delver began the quest for the Orb.
     0 | D:5      | Reached XP level 1. HP: 18/18 MP: 1/1
    27 | D:5      | Gained mutation: You have large cloven feet. [demonic
                  | ancestry]
    27 | D:5      | Reached XP level 2. HP: 15/24 MP: 2/2
    27 | D:5      | Gained mutation: You are partially covered in rugged brown
                  | scales. (AC +1, +3% HP) [demonic ancestry]
    27 | D:5      | Reached XP level 3. HP: 15/29 MP: 3/3
   192 | D:5      | Noticed Grinder
   245 | D:4      | Noticed a necrophage
   430 | D:3      | HP: 1/28 [orc (3)]
   430 | D:3      | Slain by an orc

Illustrated notes

Levels and vault maps discovered:
D:3:      layout_rooms, mainiacjoe_overflow_catwalk, roderic_st_hans_cross
D:4:      layout_cave_pools, nemelex_dance_club_becter, temple_hall,
          uniq_sigmund
D:5:      layout_loops_ring, nzn_wu_jian_contemplation,
          mainiacjoe_overflow_cross_hatched, solitary_fountain, st_stairs_10,
          minmay_misc_feat_plants, grunt_ministairs_2, uniq_grinder

Skill      XL: |  1 |
---------------+----+-----
Axes           | 2 |  2.1
Dodging        | 2 |  2.1
Fighting       | |  3.2
Armour         | |  0.9
Stealth        | |  4.7
Evocations     | |  0.9

Action                   || total
-------------------------++-------
Melee: Hand axe          ||    41
       Kick              ||     7
  Use: Potion            ||     1
       Scroll            ||     1
Armor: Leather armour    ||    11
Dodge: Dodged            ||    30

Table legend: (Time is in decaauts)
 A = Elapsed time spent in this place.
 B = Non-inter-level travel time spent in this place.
 C = Inter-level travel time spent in this place.
 D = Time resting spent in this place.
 E = Time spent auto-exploring this place.
 F = Levels seen in this place.
 G = Mean time per level.
                   A        B        C        D        E       F      G
               +--------+--------+--------+--------+--------+-----+--------+
         Total |    425 |    425 |      0 |    129 |    168 |   3 |  141.7 |
       Dungeon |    425 |    425 |      0 |    129 |    168 |   3 |  141.7 |
               +--------+--------+--------+--------+--------+-----+--------+

Top non-repeatable levels by time:
     D:5: 221 daAuts
     D:3: 171 daAuts
     D:4: 32 daAuts
